AoeStats
← donsimon93

Hideout

510047459Analyzed
1v1 RM · 4d ago on Sep 29, 2026· 29m 14s· 2 players
Game mode
Random Map
Map size
Tiny (2 player)
Population
200
Speed
Normal
Resources
Standard
Victory
Conquest
Starting age
Dark Age
Ending age
Imperial Age
RankedLock teamsTeams togetherTeam positionsShared explorationLock speedFull tech treeHidden civsTurbo modeCheats
Victory
Defeat
🇬🇧 Spanish · United Kingdom
1028
+16
🇦🇹 Britons · Austria
1033
-16
raghuvlk
13:30 Feudal Age
17:02 Castle Age
14:47 Loom
26:45 Padded Archer Armor
donsimon93
4:45 Loom
10:01 Feudal Age
10:39 Double-Bit Axe
10:36 Horse Collar
19:14 Castle Age
17:23 Stone Mining
18:03 Gold Mining
18:18 Padded Archer Armor
18:30 Fletching
19:36 Crossbowman
25:29 Bodkin Arrow
29:03 Squires
Connection lost

Rejoining the realm…

Still unreachable

The connection could not be restored.

Session expired

The server has moved on; the page needs a fresh start.